 Dungeon Crawl Stone Soup version 0.20.1-1-g8b1a95d (webtiles) character file.

11699 MrModeste the Grappler (level 11, 0/157 HPs)
             Began as a Troll Berserker on July 13, 2017.
             Was a High Priest of Trog.
             Slain by a yak (12 damage)
             ... on level 1 of the Lair of Beasts.
             The game lasted 00:21:24 (8216 turns).

MrModeste the Grappler (Troll Berserker)            Turns: 8216, Time: 00:21:25

Health: 0/157      AC:  7    Str: 32    XL:     11   Next: 52%
Magic:  10/10      EV: 15    Int:  3    God:    Trog [*****.]
Gold:   363        SH:  0    Dex: 12    Spells: 10/10 levels left

rFire    + . .     SeeInvis .     - Unarmed
rCold    . . .     Gourm    +   (no shield)
rNeg     . . .     Faith    .   s - +0 troll leather armour {Purgy}
rPois    .         Spirit   .   (helmet restricted)
rElec    .         Reflect  .   (no cloak)
rCorr    .         Harm     .   (gloves unavailable)
MR       .....                  (boots unavailable)
Stlth    ..........             (no amulet)
Regen    1.2/turn               j - ring of stealth
MPRegen  0.2/turn               D - ring of protection from fire

@: berserking, very quick
A: unfitting armour, claws 3, fast metabolism 3, gourmand, regeneration 1,
shaggy fur 1, tough skin 2
a: Berserk, Trog's Hand, Brothers in Arms, Burn Spellbooks, Renounce Religion


You were on level 1 of the Lair of Beasts.
You worshipped Trog.
Trog was extremely pleased with you.
You were not hungry.

You visited 2 branches of the dungeon, and saw 10 of its levels.
You also visited: Sewer.

You collected 363 gold pieces.

Inventory:

Hand Weapons
 b - a +5 blowgun
 C - the +10 mace of Corruption {flame, rC+}
   (Trog gifted it to you on level 9 of the Dungeon)

   It has been specially enchanted to burn those struck by it, causing extra
   injury to most foes and up to half again as much damage against particularly
   susceptible opponents.
   It protects you from cold.
Missiles
 y - 2 throwing nets (quivered)
 H - 4 needles of sleeping
 I - 64 poisoned needles
Armour
 s - a +0 troll leather armour (worn) {Purgy}
Jewellery
 j - a ring of stealth (left claw)
 v - an uncursed ring of stealth
 D - a ring of protection from fire (right claw)
Scrolls
 a - 3 scrolls of magic mapping {unknown}
 d - a scroll of random uselessness {unknown}
 g - 2 scrolls of fear {unknown}
 l - 5 scrolls of identify
 o - 3 scrolls of teleportation {unknown}
 t - 3 scrolls of amnesia {unknown}
 u - a scroll of enchant weapon {unknown}
 w - a scroll of blinking {unknown}
 x - 4 scrolls of remove curse {unknown}
 B - a scroll of immolation {unknown}
 E - a scroll of recharging {unknown}
Potions
 c - a potion of brilliance {unknown}
 e - 2 potions of agility {unknown}
 f - 2 potions of haste {unknown}
 h - 3 potions of might {unknown}
 i - 2 potions of flight {unknown}
 k - 4 potions of lignification
 m - a potion of ambrosia {unknown}
 p - 2 potions of invisibility {unknown}
 q - a potion of magic {unknown}
 r - a potion of degeneration {unknown}
 A - a potion of resistance {unknown}
 F - a potion of cancellation {unknown}
 G - 3 potions of curing {unknown}
Comestibles
 n - 2 meat rations
 z - 12 royal jellies


   Skills:
 + Level 6.1 Fighting
 - Level 10.4 Dodging
 - Level 12.5 Unarmed Combat


You had 10 spell levels left.
You didn't know any spells.

Dungeon Overview and Level Annotations

Branches:
Dungeon (9/15)             Temple (0/1) D:6            Lair (1/6) D:9
    Orc: D:9-12

Altars:
Ashenzari
Cheibriados
Dithmenos
Fedhas
Hepliaklqana
Makhleb
Qazlal
Ru
Uskayaw
Vehumet
Xom
Zin


Innate Abilities, Weirdness & Mutations

You are too large for most types of armour.
You have claws for hands.
Your metabolism is lightning-fast.
You like to eat raw meat.
Your natural rate of healing is unusually fast.
You are covered in fur. (AC +1)
You have very tough skin. (AC +2)


Message History

You scratch the yak but do no damage.
The yak is heavily wounded.
The yak closely misses you. x2
You scratch the yak but do no damage.
The yak is heavily wounded.
The yak gores you!
* * * LOW HITPOINT WARNING * * *
The yak gores you!
* * * LOW HITPOINT WARNING * * *
A red film seems to cover your vision as you go berserk!
You feel yourself moving faster!
You feel mighty!
You feel quite a bit more hungry. The yak closely misses you.
The yak gores you.
* * * LOW HITPOINT WARNING * * *
You scratch the yak but do no damage.
The yak is heavily wounded.
You claw the yak!
The yak is almost dead.
The yak barely misses you. The yak gores you!
You die...

#### ...##
.... #..#
..########..#
...P....#P..#
.......@#...#
..#....YY#..##
##....##...#
##.####.>##
######P..#
.........#
.........#
≈...
.........#
≈....
.........#


You could see 2 yaks.

Vanquished Creatures
  3 two-headed ogres
  Erica (D:8)
  Pikel (D:5)
  2 deep elf magi (D:8)
  Joseph (D:7)
  A spiny frog (Lair:1)
  3 komodo dragons (Lair:1)
  2 trolls
  Grinder (D:4)
  Prince Ribbit (D:6)
  A hornet (D:7)
  6 yaks (Lair:1)
  A vampire mosquito (D:9)
  Duvessa (D:4)
  A porcupine (Lair:1)
  Purgy (Sewer)
  An orc warrior (D:6)
  4 sky beasts (D:8)
  3 phantoms
  An eye of draining (D:8)
  A wolf (D:9)
  2 ogres
  4 centaurs
  3 crocodiles (Lair:1)
  Blork the orc (D:5)
  2 big kobolds
  4 bullfrogs
  Dowan (D:4)
  2 scorpions
  4 wights (D:9)
  A howler monkey (D:4)
  An electric eel (D:9)
  4 crimson imps
  A bullfrog zombie (D:9)
  A quasit (D:8)
  11 hounds
  7 jellies
  3 orc priests
  10 orc wizards
  Ijyb (D:5)
  An iguana (D:5)
  8 worker ants
  12 gnolls
  13 adders
  A shadow imp (D:8)
  5 oozes (D:8)
  An adder zombie (D:8)
  2 adder skeletons
  4 worms
  3 dart slugs
  8 leopard geckos
  35 orcs
  9 bats
  9 giant cockroaches
  5 goblins
  10 hobgoblins
  14 jackals
  6 quokkas
  2 frilled lizards (D:2)
  14 kobolds
  A leopard gecko zombie (D:8)
  A quokka skeleton (D:4)
  11 rats
  A bush (D:6)
  A plant (D:6)
277 creatures vanquished.

Vanquished Creatures (others)
  Menkaure (D:5)
  A jelly (D:5)
  A hound (D:5)
  A leopard gecko (D:1)
  2 plants (Lair:1)
6 creatures vanquished.

Grand Total: 283 creatures vanquished

Notes
Turn   | Place    | Note
-------+----------+-------------------------------------------
     0 | D:1      | MrModeste the Troll Berserker began the quest for the Orb.
     0 | D:1      | Reached XP level 1. HP: 22/22 MP: 0/0
   175 | D:1      | Reached XP level 2. HP: 29/29 MP: 1/1
   360 | D:1      | Reached skill level 4 in Unarmed Combat
   758 | D:2      | Reached XP level 3. HP: 36/36 MP: 2/2
  1025 | D:2      | Reached ** piety under Trog
  1029 | D:2      | Found a shattered altar of Ashenzari.
  1314 | D:2      | Reached XP level 4. HP: 44/44 MP: 3/3
  1358 | D:2      | Reached skill level 5 in Unarmed Combat
  1947 | D:3      | Reached XP level 5. HP: 50/50 MP: 4/4
  2183 | D:3      | Found a glowing drain.
  2187 | Sewer    | Entered a sewer
  2204 | Sewer    | Reached *** piety under Trog
  2255 | Sewer    | Noticed Purgy
  2265 | Sewer    | Killed Purgy
  2265 | Sewer    | Reached skill level 6 in Unarmed Combat
  2451 | D:4      | Noticed Dowan
  2461 | D:4      | Found a sacrificial altar of Ru.
  2477 | D:4      | Found a hazy altar of Hepliaklqana.
  2489 | D:4      | Found a shimmering altar of Xom.
  2561 | D:4      | Reached XP level 6. HP: 42/59 MP: 5/5
  2567 | D:4      | Reached skill level 7 in Unarmed Combat
  2664 | D:4      | Noticed Duvessa
  2672 | D:4      | Killed Duvessa
  2672 | D:4      | Reached skill level 8 in Unarmed Combat
  2678 | D:4      | Killed Dowan
  2678 | D:4      | Reached XP level 7. HP: 66/66 MP: 6/6
  2871 | D:4      | Noticed Grinder
  3083 | D:4      | Paralysed by Grinder for 4 turns
  3093 | D:4      | Killed Grinder
  3093 | D:4      | Reached skill level 9 in Unarmed Combat
  3223 | D:5      | Entered Level 5 of the Dungeon
  3239 | D:5      | Noticed Blork the orc
  3246 | D:5      | Killed Blork the orc
  3246 | D:5      | Reached XP level 8. HP: 74/74 MP: 7/7
  3331 | D:5      | Noticed Pikel
  3346 | D:5      | Killed Pikel
  3346 | D:5      | Reached skill level 11 in Unarmed Combat
  3382 | D:5      | Noticed Menkaure
  3388 | D:5      | Killed Menkaure
  3404 | D:5      | Found a snail-covered altar of Cheibriados.
  3408 | D:5      | Reached **** piety under Trog
  3703 | D:5      | Noticed Ijyb
  3708 | D:5      | Killed Ijyb
  4087 | D:6      | Noticed Prince Ribbit
  4092 | D:6      | Killed Prince Ribbit
  4092 | D:6      | Reached XP level 9. HP: 80/80 MP: 8/8
  4164 | D:6      | Reached skill level 12 in Unarmed Combat
  4296 | D:6      | Found a blossoming altar of Fedhas.
  4492 | D:6      | Found a staircase to the Ecumenical Temple.
  4724 | D:6      | Found a glowing silver altar of Zin.
  4724 | D:6      | Found a hide-covered altar of Uskayaw.
  4729 | D:6      | Found a faded altar of an unknown god.
  4732 | D:6      | Found a faded altar of an unknown god.
  4734 | D:6      | Found a radiant altar of Vehumet.
  4880 | D:6      | Found a stormy altar of Qazlal.
  5294 | D:7      | Found a burning altar of Makhleb.
  5303 | D:7      | Paralysed by a hornet for 3 turns
  5829 | D:7      | Noticed Joseph
  5840 | D:7      | Killed Joseph
  5840 | D:7      | Reached skill level 5 in Dodging
  5903 | D:8      | Noticed Erica
  5913 | D:8      | Killed Erica
  5913 | D:8      | Reached XP level 10. HP: 59/88 MP: 9/9
  6016 | D:8      | Noticed a two-headed ogre
  6023 | D:8      | Killed a two-headed ogre
  6169 | D:8      | Found a burning altar of Makhleb.
  6247 | D:8      | Noticed a two-headed ogre
  6262 | D:8      | HP: 7/88 [two-headed ogre/giant club (18)]
  6263 | D:8      | Killed a two-headed ogre
  6436 | D:8      | Noticed a deep elf mage
  6446 | D:8      | Noticed a deep elf mage
  6452 | D:8      | Killed a deep elf mage
  6452 | D:8      | Reached ***** piety under Trog
  6460 | D:8      | Killed a deep elf mage
  7074 | D:9      | Noticed a two-headed ogre
  7088 | D:9      | Killed a two-headed ogre
  7088 | D:9      | Reached skill level 10 in Dodging
  7088 | D:9      | Reached XP level 11. HP: 45/94 MP: 10/10
  7154 | D:9      | Received a gift from Trog
  7197 | D:9      | Found a staircase to the Lair.
  7199 | D:9      | HP: 9/94 [electric eel/bolt of electricity (12)]
  7326 | D:9      | Got an ancient mace {god gift}
  7330 | D:9      | Identified the +10 mace of Corruption {flame, rC+} (Trog gifted it to you on level 9 of the Dungeon)
  7356 | D:9      | Found a shadowy altar of Dithmenos.
  7860 | Lair:1   | Entered Level 1 of the Lair of Beasts
  8040 | Lair:1   | Reached skill level 5 in Fighting
  8213 | Lair:1   | HP: 9/105 [yak (13)]
  8216 | Lair:1   | Slain by a yak

Skill      XL: |  1  2  3  4  5  6  7  8  9 10 11 |
---------------+----------------------------------+-----
Unarmed Combat | 4 5 6 8 9 11 12 | 12.5
Dodging        | 6 10 | 10.4
Fighting       | 6 |  6.1

Action                   |  1- 3 |  4- 6 |  7- 9 | 10-12 || total
-------------------------+-------+-------+-------+-------++-------
Melee: Unarmed           |    94 |   138 |   247 |   321 ||   800
       Punch             |       |     4 |    10 |    20 ||    34
Invok: Trog's Hand       |       |     1 |       |     1 ||     2
       Berserk           |       |     1 |     2 |     2 ||     5
       Burn Spellbooks   |       |       |     1 |     2 ||     3
  Use: Scroll            |       |       |     2 |     3 ||     5
       Potion            |       |       |       |     1 ||     1
 Stab: Sleeping          |     5 |     5 |     5 |     5 ||    20
       Distracted        |       |       |     1 |       ||     1
  Eat: Chunk             |    18 |    13 |    32 |    17 ||    80
Armor: Animal skin       |    27 |    37 |       |       ||    64
       Troll leather arm |       |    15 |    53 |    60 ||   128
Dodge: Dodged            |    47 |    66 |    84 |   201 ||   398
